 Dungeon Crawl Stone Soup version 0.29.0-11-gd7f09526c8 (webtiles) character file.

Game seed: 16126728729322518715

4 Tirrikindir the Shield-Bearer (level 1, 16/16 HPs)
             Began as an Octopode Fighter on Sept 5, 2022.
             Was an Initiate of Ru.
             Got out of the dungeon alive.
             The game lasted 00:02:02 (747 turns).

Tirrikindir the Shield-Bearer (Octopode Fighter)     Turns: 747, Time: 00:02:03

Health: 16/16      AC:  1    Str: 15    XL:     1   Next: 60%
Magic:  1/1        EV: 13    Int: 10    God:    Ru [......]
Gold:   61         SH:  4    Dex: 11    Spells: 0/0 levels left

rFire   . . .      SeeInvis .   a - +0 long sword
rCold   . . .      Faith    .   b - +0 buckler
rNeg    . . .      Spirit   .   (helmet restricted)
rPois   .          Reflect  .   (no amulet)
rElec   .          Harm     .   (no ring)
rCorr   .          Rampage  .   (no ring)
Will    .....                   (no ring)
Stlth   ++........              (no ring)
HPRegen 0.05/turn               (no ring)
MPRegen 0.07/turn               (no ring)
                                (no ring)
                                (no ring)

@: no status effects
A: almost no armour, amphibious, 8 rings, camouflage 1, gelatinous body 1,
(nimble swimmer 1), tentacles
a: Renounce Religion, Sacrifice Stealth, Sacrifice Words, Sacrifice Purity,
Reject Sacrifices


You escaped.
You worshipped Ru.
Ru was noncommittal.
You visited 1 branch of the dungeon, and saw 1 of its levels.

You collected 61 gold pieces.

Inventory:

Hand Weapons
 a - a +0 long sword (weapon)
Armour
 b - a +0 buckler (worn)
Scrolls
 f - a scroll of noise {unknown}
Potions
 c - a potion of might
 d - a potion of lignification {unknown}
 e - a potion of brilliance {unknown}


   Skills:
 + Level 3.0 Fighting
 * Level 2.1 Long Blades
 + Level 3.0 Dodging
 + Level 0.4 Stealth
 + Level 3.0 Shields


You couldn't memorise any spells.
You didn't know any spells.
Your spell library contained the following spells:

 Spells                   Type           Power      Damage    Failure   Level
 Sandblast                Erth           0%         2d4       45%         1
 Passwall                 Tmut/Erth      0%         N/A       58%         2
 Stone Arrow              Conj/Erth      0%         3d7       83%         3


Dungeon Overview and Level Annotations

Branches:
Dungeon (1/15)

Altars:
Ru


Innate Abilities, Weirdness & Mutations

You cannot wear most types of armour.
You are amphibious.
You can wear up to eight rings at the same time.
Your skin changes colour to match your surroundings (Stealth+).
Your rubbery body absorbs attacks. (AC +1, EV +1)
((You are camouflaged when in or above water. (Stealth+)))
You have tentacles for arms and can constrict up to eight enemies at once.


Message History

The ball python constricts you. The ball python barely misses you.
The ball python constricts you.
You closely miss the ball python. Your grab misses the ball python.
The ball python is severely wounded.
The ball python misses you. The ball python constricts you.
The ball python barely misses you. The ball python constricts you.
You hit the ball python.
You kill the ball python!
A ball python and a quokka come into view.
Found a book of Geomancy.
You see here a ball python corpse.
There is a faded altar of an unknown god here.
You cannot tell which god this altar belongs to.
Convert to them anyway?
Ru accepts your prayer! Ru welcomes you!
The ball python hisses angrily.
The ball python closely misses you. The ball python barely misses you.
You slash the ball python!
You kill the ball python!
The quokka barely misses you.
You see here a ball python corpse.
You hit the quokka.
You kill the quokka!
You see here a quokka corpse.
(D) Dungeon
Where to? (? - help)
Okay, then.
You pick up a book of Geomancy and begin reading...
You add the spells Sandblast, Passwall and Stone Arrow to your library.
Ru believes you are ready to make a new sacrifice.
Okay, then.
(D) Dungeon
Where to? (? - help)
What level of the Dungeon? (default 1, ? - help)
You see here a +0 ring mail.
You see here a +0 hand axe.
You see here a +1 pair of boots.
There is a staircase leading out of the dungeon here.
Are you sure you want to leave the Dungeon?
This will make you lose the game!
You have escaped! ####....# #.....##### ####.## #.....'.... #..# #.....##### ##.###.....# #.........# #####.##..##### ###############.......... #PPPPPPPPPPPPPPPPP...#####

#PPPPPP..@..PPPPPP...#####
#PPPP.........PPPP........
#PPP.PP............#.#####
#PPP.PP............#.##...
#PP.PP...............##.##
#PP.P.............#..##.#.
#PP.P...........PP#.(##.#.
#PP.P...........PP#...#.#.
#PP.PP..........PP##..#.#.


There were no monsters in sight!

Vanquished Creatures
  An endoplasm (D:1)
  A quokka (D:1)
  2 ball pythons (D:1)
4 creatures vanquished.

Vanquished Creatures (others)
  65 plants (D:1)
65 creatures vanquished.

Grand Total: 69 creatures vanquished

Notes
Turn   | Place    | Note
-------+----------+-------------------------------------------
     0 | D:1      | Tirrikindir the Octopode Fighter began the quest for the
                  | Orb.
     0 | D:1      | Reached XP level 1. HP: 16/16 MP: 1/1
   595 | D:1      | Found a faded altar of an unknown god.
   607 | D:1      | Prayed at the altar of an unknown god.
   607 | D:1      | Became a worshipper of Ru the Awakened
   747 | D:$      | Got out of the dungeon alive.

Illustrated notes

Levels and vault maps discovered:
D:1:      roderic_crop_circles_arrival_small, layout_basic,
          nicolae_ecumenical_snake_handling

Action                   || total
-------------------------++-------
Melee: Long sword        ||    74
       Constrict         ||    65
       Tentacles         ||    26
       Punch             ||     2
Dodge: Dodged            ||     8
Block: Buckler           ||     1
